 Dungeon Crawl Stone Soup version 0.27-a0-1196-g3e9cee4cb2 (webtiles) character file.

Game seed: 17097260271227730381

34 Kold the Sneak (level 3, -6/29 HPs)
             Began as a Demonspawn Delver on May 27, 2021.
             Was a Follower of Nemelex Xobeh.
             Mangled by a gnoll
             ... wielding a +0 whip
              (9 damage)
             ... on level 3 of the Dungeon.
             The game lasted 00:01:37 (1344 turns).

Kold the Sneak (Demonspawn Delver)                  Turns: 1344, Time: 00:01:38

Health: -6/29      AC:  3    Str: 13    XL:     3   Next: 14%
Magic:  3/3        EV: 12    Int: 11    God:    Nemelex Xobeh [*.....]
Gold:   17         SH:  0    Dex: 14    Spells: 2/2 levels left

rFire    . . .     SeeInvis .   a - +0 hand axe
rCold    . . .     Faith    .   (no shield)
rNeg     . . .     Spirit   .   b - +0 leather armour
rPois    .         Reflect  .   (no helmet)
rElec    .         Harm     .   (no cloak)
rCorr    .         Rampage  .   (no gloves)
Will     .....                  (no boots)
Stlth    +++.......             (no amulet)
HPRegen  0.09/turn              (no ring)
MPRegen  0.08/turn              (no ring)

@: no status effects
A: demonic guardian 2
a: Renounce Religion, Draw Escape, Draw Destruction, Draw Summoning


You were on level 3 of the Dungeon.
You worshipped Nemelex Xobeh.
Nemelex Xobeh was aware of your devotion.
You visited 1 branch of the dungeon, and saw 4 of its levels.

You collected 17 gold pieces.

Inventory:

Hand Weapons
 a - a +0 hand axe (weapon)
Missiles
 j - 5 atropa-tipped darts (quivered)
Armour
 b - a +0 leather armour (worn)
Wands
 g - a wand of digging (3)
Scrolls
 c - a scroll of fog
 d - a scroll of magic mapping
 h - a scroll of noise {unknown}
Potions
 e - a potion of flight {unknown}
 f - a potion of haste
 i - a potion of curing


   Skills:
 - Level 3.2 Fighting
 + Level 2.4 Axes
 - Level 2.0 Dodging
 + Level 4.9 Stealth


You had 2 spell levels left.
You didn't know any spells.
Your spell library was empty.

Dungeon Overview and Level Annotations

Branches:
Dungeon (5/15)
 Temple: D:4-7

Altars:
Nemelex Xobeh


Innate Abilities, Weirdness & Mutations

A demonic guardian rushes to your aid.


Message History

The endoplasm is heavily wounded.
The gnoll is no longer blind.
The endoplasm freezes you.
You are frozen.
There is a stone staircase leading down here.
The endoplasm freezes you.
You are frozen.
You climb downwards.
There is a stone staircase leading up here.
You hit the endoplasm.
You kill the endoplasm!
No target in view!
No target in view!
You climb upwards.
The gnoll hits you with a +0 whip! The goblin hits you with a +0 dagger.
A demonic guardian appears!
The gnoll misses you.
There is a stone staircase leading down, spattered with blood here.
The gnoll hits your hellwing with a +0 halberd.
The goblin hits you with a +0 dagger. The gnoll closely misses you.
Your hellwing hits the goblin!
The goblin dies!
You climb downwards.
There is a stone staircase leading up here.
You barely miss the gnoll. The gnoll hits you with a +0 whip.
* * * LOW HITPOINT WARNING * * *
You barely miss the gnoll. The gnoll closely misses you.
Throw: 6 darts (atropa)
Press: ? - help, Q - select action, (/) - cycle Shift-Dir - straight line, f - gnoll
Aim: a gnoll, wielding a +0 whip (63% to hit, chance to blind on hit: 100%)
You throw an atropa-tipped dart. The atropa-tipped dart hits the gnoll.
The gnoll appears confused.
You are too injured to fight recklessly!
You are too injured to fight recklessly!
The gnoll seems less confused.
The gnoll hits you with a +0 whip.
* * * LOW HITPOINT WARNING * * *
You hit the gnoll.
The gnoll is moderately wounded.
The gnoll hits you with a +0 whip!
You die...
Your body disappears without a glow.

#.. #... ## #. #..##..## #
#. #.......## .# ##
#......♣.##.####
..♣P_......(...
#.P♣♣P.....>..
##.♣PP..###.###
.....♣..###.###.
####.....@g......#########
##.##<###.###..........
#.##.# .# .###.####.
#.##.###.###.# #.....)
###.....†......# ######.
......#.####.###.########.
#####.#.####.# .........
#..........# #########
#######.#.#.######


You could see a gnoll (wandering, blind).

Vanquished Creatures
  An adder (D:3)
  3 endoplasms (D:3)
  A giant cockroach (D:4)
  2 rats (D:3)
7 creatures vanquished.

Vanquished Creatures (collateral kills)
  A gnoll (D:3)
  An adder (D:3)
  A goblin (D:2)
3 creatures vanquished.

Grand Total: 10 creatures vanquished

Notes
Turn   | Place    | Note
-------+----------+-------------------------------------------
     0 | D:5      | Kold the Demonspawn Delver began the quest for the Orb.
     0 | D:5      | Reached XP level 1. HP: 18/18 MP: 1/1
     6 | D:5      | Noticed a necrophage
    49 | D:3      | Gained mutation: A weak demonic guardian rushes to your
                  | aid. [demonic ancestry]
    49 | D:3      | Reached XP level 2. HP: 13/24 MP: 2/2
   912 | D:3      | Gained mutation: A demonic guardian rushes to your aid.
                  | [demonic ancestry]
   912 | D:3      | Reached XP level 3. HP: 3/29 MP: 3/3
  1306 | D:3      | Found a faded altar of an unknown god.
  1314 | D:3      | Became a worshipper of Nemelex Xobeh the Trickster
  1314 | D:3      | Reached * piety under Nemelex Xobeh
  1344 | D:3      | Mangled by a gnoll

Illustrated notes

Levels and vault maps discovered:
D:2:      layout_loops_ring, serial_shops, nicolae_shop_behind_doors,
          palyth_stone_intersect
D:3:      layout_loops_ring, ebering_ecumenical_altar_petrified
D:4:      layout_basic, nicolae_sif_muna_condensation, kennysheep_mini_moat,
          kennysheep_pointless_box
D:5:      layout_rooms

Skill      XL: |  1 |
---------------+----+-----
Axes           | 2 |  2.4
Dodging        | 2 |  2.0
Fighting       | |  3.2
Stealth        | |  4.9

Action                   || total
-------------------------++-------
Melee: Hand axe          ||    52
Throw: Dart              ||     3
  Use: Scroll            ||     1
       Potion            ||     1
 Stab: Sleeping          ||     2
Armor: Leather armour    ||     8
Dodge: Dodged            ||    34

Table legend: (Time is in decaauts)
 A = Elapsed time spent in this place.
 B = Non-inter-level travel time spent in this place.
 C = Inter-level travel time spent in this place.
 D = Time resting spent in this place.
 E = Time spent auto-exploring this place.
 F = Levels seen in this place.
 G = Mean time per level.
                   A        B        C        D        E       F      G
               +--------+--------+--------+--------+--------+-----+--------+
         Total |   1356 |   1343 |     13 |    950 |    194 |   4 |  339.0 |
       Dungeon |   1356 |   1343 |     13 |    950 |    194 |   4 |  339.0 |
               +--------+--------+--------+--------+--------+-----+--------+

Top non-repeatable levels by time:
     D:3: 1136 daAuts
     D:4: 188 daAuts
     D:5: 19 daAuts
     D:2: 13 daAuts
